AoeStats
← _atheris_

Arabia

510402426Analyzed
1v1 RM · 17h ago on Sep 30, 2026· 24m 51s· 2 players
Game mode
Random Map
Map size
Tiny (2 player)
Population
200
Speed
Normal
Resources
Standard
Victory
Conquest
Starting age
Dark Age
Ending age
Imperial Age
RankedLock teamsTeams togetherTeam positionsShared explorationLock speedFull tech treeHidden civsTurbo modeCheats
Victory
Defeat
🇧🇷 Romans · Brazil
975
+17
🇨🇱 Hindustanis · Chile
986
-17
viktor_uebelhart
6:16 Loom
9:03 Feudal Age
9:58 Man-at-Arms
15:04 Scale Mail Armor
17:58 Double-Bit Axe
21:10 Forging
23:27 Castle Age
21:26 Gold Mining
21:18 Horse Collar
_atheris_
9:49 Feudal Age
23:44 Fletching
Connection lost

Rejoining the realm…

Still unreachable

The connection could not be restored.

Session expired

The server has moved on; the page needs a fresh start.